 Dungeon Crawl Stone Soup version 0.21.1-1-g345015fe64 (webtiles) character file.

231 Lothor the Slasher (level 5, -3/45 HPs)
             Began as a Draconian Berserker on Mar 20, 2018.
             Was a Believer of Trog.
             Slain by LordM's ghost (9 damage)
             ... on level 3 of the Dungeon.
             The game lasted 00:07:14 (2156 turns).

Lothor the Slasher (Draconian Berserker)            Turns: 2156, Time: 00:07:15

Health: -3/45      AC:  6    Str: 20    XL:     5   Next: 73%
Magic:  5/5        EV: 12    Int:  7    God:    Trog [**....]
Gold:   85         SH:  0    Dex: 11    Spells: 4/4 levels left

rFire    . . .     SeeInvis .   a - +0 falchion
rCold    . . .     Gourm    .   (no shield)
rNeg     . . .     Faith    .   (armour unavailable)
rPois    .         Spirit   .   (helmet restricted)
rElec    .         Reflect  .   (no cloak)
rCorr    .         Harm     .   (no gloves)
MR       .....                  k - +0 pair of boots
Stlth    +.........             (no amulet)
HPRegen  0.15/turn              (no ring)
MPRegen  0.09/turn              (no ring)

@: no status effects
A: unfitting armour, cold-blooded, AC +5
a: Berserk, Trog's Hand, Burn Spellbooks, Renounce Religion


You were on level 3 of the Dungeon.
You worshipped Trog.
Trog was pleased with you.
You were not hungry.

You visited 1 branch of the dungeon, and saw 3 of its levels.

You collected 85 gold pieces.

Inventory:

Hand Weapons
 a - a +0 falchion (weapon)
Armour
 k - a +0 pair of boots (worn)
Jewellery
 d - an uncursed amulet of faith {unknown}
Scrolls
 c - a scroll of magic mapping {unknown}
 e - a scroll of enchant weapon {unknown}
 f - a scroll of amnesia {unknown}
 i - a scroll of teleportation {unknown}
 j - 2 scrolls of identify {unknown}
 l - 2 scrolls of fog {unknown}
Potions
 g - a potion of lignification {unknown}
 h - a potion of haste {unknown}
 m - 2 potions of curing {unknown}
 n - a potion of degeneration {unknown}
Comestibles
 b - 7 rations


   Skills:
 - Level 3.2 Fighting
 + Level 6.5 Long Blades
 - Level 2.6 Dodging


You had 4 spell levels left.
You didn't know any spells.

Dungeon Overview and Level Annotations

Branches:
Dungeon (3/15)

Altars:

Annotations:
D:3 LordM's ghost, amateur DrIE


Innate Abilities, Weirdness & Mutations

Your plain brown scales are hard. (AC +5)
You cannot fit into any form of body armour.
You are cold-blooded and may be slowed by cold attacks.


Message History

You slash the orc priest!
The orc priest is heavily wounded.
Your skin stops crawling.
You feel less resistant to hostile enchantments.
The orc priest barely misses you.
You riposte.
You slash the orc priest!
The orc priest is almost dead.
The orc priest calls down the wrath of Beogh upon you.
Beogh smites you!
* * * LOW HITPOINT WARNING * * *
LordM's ghost says very slowly, "There's no hope."
LordM's ghost hits you but does no damage.
You hit the orc priest.
You kill the orc priest!
Trog accepts your kill.
LordM's ghost hits you but does no damage.
The orc priest hits you with a club.
* * * LOW HITPOINT WARNING * * *
LordM's ghost whispers, "The ORB doesn't exist."
LordM's ghost hits you!
You die...

o.####)#.#####.#.#.##<.#
.§...o..........#.#.###W###
#######.#.#.......#.......# #
...............>###.#.#.###
............................
#####.#####.#....#........##.
#.# #......)[([........# ..#
#.#..W##(########>## ...
#.#.#o@#)....... ..#
....#..#.####### ..#
##...#.g#[# #
#......#.###########
#...#............§<#
#...#.#.############ #..
..... #.. #.#.# #. #.#.#


You could see an orc priest, LordM's ghost and a goblin.

Vanquished Creatures
  An orc priest (D:3)
  3 orc wizards (D:3)
  Jessica (D:2)
  An adder (D:2)
  4 oozes
  2 worms
  A leopard gecko (D:1)
  6 orcs (D:3)
  4 bats
  4 giant cockroaches
  4 goblins
  5 hobgoblins
  10 jackals
  3 frilled lizards
  2 kobolds
  A rat (D:1)
52 creatures vanquished.

Notes
Turn   | Place    | Note
-------+----------+-------------------------------------------
     0 | D:1      | Lothor the Draconian Berserker began the quest for the Orb.
     0 | D:1      | Reached XP level 1. HP: 19/19 MP: 1/1
    82 | D:1      | Reached XP level 2. HP: 26/26 MP: 2/2
   247 | D:1      | Reached skill level 4 in Long Blades
   264 | D:1      | Reached XP level 3. HP: 28/31 MP: 3/3
   302 | D:1      | Reached ** piety under Trog
   970 | D:2      | Noticed Jessica
   975 | D:2      | Killed Jessica
   975 | D:2      | Reached XP level 4. HP: 38/38 MP: 4/4
   986 | D:2      | Reached skill level 5 in Long Blades
  1419 | D:3      | Reached skill level 6 in Long Blades
  1419 | D:3      | Reached XP level 5. HP: 18/45 MP: 5/5
  1450 | D:3      | Noticed LordM's ghost (amateur DrIE)
  2156 | D:3      | Slain by LordM's ghost

Skill      XL: |  1  2  3  4 |
---------------+-------------+-----
Long Blades    | 4 6 |  6.5
Fighting       | |  3.2
Dodging        | |  2.6

Action                   |  1- 3 |  4- 6 || total
-------------------------+-------+-------++-------
Melee: Falchion          |    68 |   116 ||   184
       Tailslap          |    10 |    25 ||    35
Invok: Trog's Hand       |       |     2 ||     2
 Stab: Sleeping          |     1 |       ||     1
  Eat: Chunk             |       |     3 ||     3
       Ration            |       |     1 ||     1
Armor: Skin              |    25 |    27 ||    52
Dodge: Dodged            |    64 |    51 ||   115
       Rpst.: Falchion   |    22 |    20 ||    42
